 Dungeon Crawl Stone Soup version 0.30.0-18-gc0e69614cb (webtiles) character file.

Game seed: 2468860843966488103

40 ChrisAssaf the Chiller (level 3, -1/25 HPs)
             Began as a Gnoll Ice Elementalist on May 25, 2023.
             Slain by Sigmund
             ... wielding a +0 scythe
              (6 damage)
             ... on level 3 of the Dungeon.
             The game lasted 00:02:32 (686 turns).

ChrisAssaf the Chiller (Gnoll Ice Elementalist)      Turns: 686, Time: 00:02:33

Health: -1/25      AC:  2    Str:  9    XL:     3   Next: 50%
Magic:  7/9        EV: 13    Int: 14    God:
Gold:   35         SH:  0    Dex: 12    Spells: 8/12 levels left

rFire   . . .        g - +0 short sword
rCold   . . .        (no shield)
rNeg    . . .        a - +0 robe
rPois   .            (no helmet)
rElec   .            (no cloak)
rCorr   .            (no gloves)
SInv    .            (no boots)
Will    .....        (no amulet)
Stlth   ++           (no ring)
HPRegen 0.24/turn    (no ring)
MPRegen 0.11/turn

%: no passive effects
@: flying
A: fangs 1, strong nose, distributed training
a: no special abilities


You were on level 3 of the Dungeon.
You visited 1 branch of the dungeon, and saw 3 of its levels.

You collected 35 gold pieces.

Inventory:

Hand Weapons
 g - a +0 short sword (weapon)
Missiles
 h - 6 boomerangs (quivered)
Armour
 a - a +0 robe (worn)
Scrolls
 f - 2 scrolls of identify
Potions
 b - a potion of magic
 c - a potion of heal wounds {unknown}
 d - a potion of mutation
 e - a potion of flight
 i - a potion of resistance {unknown}


   Skills:
 + Level 0.9 Fighting
 + Level 0.9 Short Blades
 + Level 0.9 Long Blades
 + Level 0.9 Axes
 + Level 0.9 Maces & Flails
 + Level 0.9 Polearms
 + Level 0.9 Staves
 + Level 0.9 Ranged Weapons
 + Level 0.9 Throwing
 + Level 0.9 Armour
 + Level 4.5 Dodging
 + Level 4.2 Stealth
 + Level 0.9 Shields
 + Level 0.9 Unarmed Combat
 + Level 5.0 Spellcasting
 + Level 0.6 Conjurations
 + Level 0.6 Hexes
 + Level 0.6 Summonings
 + Level 0.6 Necromancy
 + Level 0.6 Translocations
 + Level 0.6 Transmutations
 + Level 0.6 Fire Magic
 + Level 7.1 Ice Magic
 + Level 0.6 Air Magic
 + Level 0.6 Earth Magic
 + Level 0.6 Poison Magic
 + Level 1.0 Invocations
 + Level 0.9 Evocations


You had 8 spell levels left.
You knew the following spells:

 Your Spells              Type           Power      Damage    Failure   Level
a - Freeze                Ice            92%        1d9       1%          1
b - Frozen Ramparts       Ice            46%        1d7       2%          3

Your spell library contained the following spells:

 Spells                   Type           Power      Damage    Failure   Level
 Ozocubu's Armour         Ice            23%        N/A       2%          3
 Summon Ice Beast         Ice/Summ       14%        N/A       34%         4


Dungeon Overview and Level Annotations

Branches:
Dungeon (3/15)

Altars:

Annotations:
D:3 Sigmund


Innate Abilities, Weirdness & Mutations

You have very sharp teeth.
Your uncanny sense of smell can sniff out nearby items.
Your experience applies equally to all skills.


Message History

You throw a boomerang. The boomerang barely misses Sigmund.
The wall freezes Sigmund.
Sigmund casts a spell at you. The puff of flame hits you!
Throw: 6 boomerangs
Press: ? - help, Q - select action, (/) - cycle Shift-Dir - straight line, f/p - Sigmund
Aim: Sigmund, wielding a +0 scythe and wearing a +0 robe (lightly wounded, 52% to hit)
You throw a boomerang. The boomerang closely misses Sigmund.
The wall freezes Sigmund.
Sigmund misses you.
Throw: 6 boomerangs
Press: ? - help, Q - select action, (/) - cycle Shift-Dir - straight line, f/p - Sigmund
Aim: Sigmund, wielding a +0 scythe and wearing a +0 robe (lightly wounded, 52% to hit)
You throw a boomerang.
The boomerang hits Sigmund but does no damage.
Sigmund is lightly wounded.
The wall freezes Sigmund but does no damage.
Sigmund closely misses you.
Throw: 6 boomerangs
Press: ? - help, Q - select action, (/) - cycle Shift-Dir - straight line, f/p - Sigmund
Aim: Sigmund, wielding a +0 scythe and wearing a +0 robe (lightly wounded, 52% to hit)
You throw a boomerang. The boomerang barely misses Sigmund.
The wall freezes Sigmund.
Sigmund hits you from afar with a +0 scythe!
* * * LOW HITPOINT WARNING * * *
Throw: 6 boomerangs
Press: ? - help, Q - select action, (/) - cycle Shift-Dir - straight line, f/p - Sigmund
Aim: Sigmund, wielding a +0 scythe and wearing a +0 robe (moderately wounded, 52% to hit)
You throw a boomerang. The boomerang barely misses Sigmund.
The frozen ramparts melt away.
The endoplasm quivers.
Sigmund hits you from afar with a +0 scythe.
* * * LOW HITPOINT WARNING * * *
It was a potion of flight.
You feel very buoyant.
You fly up into the air.
As you read the scroll labelled MEUNIGGUAG, it crumbles to dust.
It is a scroll of identify.
d - a potion of mutation Sigmund hits you from afar with a +0 scythe.
You die...

######### ######
........# ######.....
........# ##..........
........#####..####..†..
.......@##.....†.#######
........##.......#
...J...@##.......#
........#........#
........'.####.###
........### #.#
....##### #.# # #### .#
## +. ∆ #. ##


You could see Sigmund and an endoplasm.

Vanquished Creatures
  2 adders
  A ball python (D:3)
  A bat (D:1)
  4 endoplasms
  A goblin (D:3)
  3 hobgoblins
  2 jackals (D:1)
  A kobold (D:2)
  A quokka (D:3)
  2 frilled lizards
  2 rats
20 creatures vanquished.

Notes
Turn   | Place    | Note
-------+----------+-------------------------------------------
     0 | D:1      | ChrisAssaf the Gnoll Ice Elementalist began the quest for
                  | the Orb.
     0 | D:1      | Reached XP level 1. HP: 13/13 MP: 6/6
   219 | D:1      | Reached XP level 2. HP: 19/19 MP: 3/7
   437 | D:2      | Reached skill level 5 in Spellcasting
   437 | D:2      | Reached XP level 3. HP: 12/25 MP: 4/9
   441 | D:2      | Learned a level 3 spell: Frozen Ramparts
   549 | D:3      | Reached skill level 1 in Invocations
   673 | D:3      | Noticed Sigmund
   686 | D:3      | Slain by Sigmund

Illustrated notes

Levels and vault maps discovered:
D:1:      spicycebolla_arrival_ecumenical, layout_loops_ring, minmay_tromino_i4
D:2:      layout_rooms, uniq_terence
D:3:      layout_basic, lemuel_zombie_altar_yredelemnul, uniq_sigmund

Skill      XL: |  1  2  3 |
---------------+----------+-----
Spellcasting   | 5 |  5.0
Invocations    | 1 |  1.0
Fighting       | |  0.9
Short Blades   | |  0.9
Long Blades    | |  0.9
Axes           | |  0.9
Maces & Flails | |  0.9
Polearms       | |  0.9
Staves         | |  0.9
Ranged Weapons | |  0.9
Throwing       | |  0.9
Armour         | |  0.9
Dodging        | |  4.5
Stealth        | |  4.2
Shields        | |  0.9
Unarmed Combat | |  0.9
Conjurations   | |  0.6
Hexes          | |  0.6
Summonings     | |  0.6
Necromancy     | |  0.6
Translocations | |  0.6
Transmutations | |  0.6
Fire Magic     | |  0.6
Ice Magic      | |  7.1
Air Magic      | |  0.6
Earth Magic    | |  0.6
Poison Magic   | |  0.6
Evocations     | |  0.9

Action                     || total
---------------------------++-------
  Melee: Short sword       ||    17
         Bite              ||     1
  Throw: Boomerang         ||     6
   Cast: Freeze            ||    21
         Frozen Ramparts   ||     1
    Use: Scroll            ||     1
         Potion            ||     1
   Stab: Sleeping          ||     3
 Armour: Robe              ||     2
  Dodge: Dodged            ||    18
